 Dungeon Crawl Stone Soup version 0.32-a0-701-g6677626 (webtiles) character file.

Game seed: 1160473044923293703

130788 Toastz the Warrior (level 16, -2/125 HPs)
             Began as a Minotaur Fighter on Mar 13, 2024.
             Was the Champion of Trog.
             Slain by a starcursed mass (3 damage)
             ... on level 3 of the Abyss.
             The game lasted 00:47:37 (20269 turns).

Toastz the Warrior (Minotaur Fighter)              Turns: 20269, Time: 00:47:38

Health: -2/125     AC: 33    Str: 30    XL:     16   Next: 53%
Magic:  24/24      EV: 15    Int: 17    God:    Trog [******]
Gold:   1963       SH: 14    Dex: 17    Spells: 15/15 levels left

rFire   x . .        b - +4 demon trident (flame)
rCold   + . .        S - +2 buckler {rC+}
rNeg    + . .        Y - +5 plate armour of Fortitude {Int+3 Dex+4}
rPois   .            (helmet restricted)
rElec   +            (no cloak)
rCorr   .            Q - +2 pair of gloves
SInv    .            p - +2 pair of boots
Will    +....        F - amulet of reflection Stlth
                     q - ring "Suvism" {rN+ AC+4 Str+4 Int+3}
HPRegen 0.00/turn    M - ring of Ogoowur {rElec MP+9 Int+6}
MPRegen 0.19/turn

%: reflection
@: about to teleport, on berserk cooldown, sick, slowed, studying 2 skills, very
slow
A: horns 2, retaliatory headbutt, [frail 2], [heat vulnerability 1], [inability
to read after injury 2]
a: Renounce Religion, Berserk, Trog's Hand, Brothers in Arms


You were on level 3 of the Abyss.
You worshipped Trog.
Trog was exalted by your worship.
You visited 3 branches of the dungeon, and saw 20 of its levels.
You visited the Abyss 1 time.
You also visited: Sewer, Gauntlet and Ice Cave.

You collected 2158 gold pieces.
You spent 195 gold pieces at shops.

Inventory:

Hand Weapons
 a - the +7 glaive of Mosefym {flame, +Blink rF+ MP-9 Dex+3}
   (You acquired it on level 6 of the Dungeon)

   Dex+3:     It affects your dexterity (+3).
   rF+:       It protects you from fire.
   MP-9:      It affects your magic capacity (-9).
   +Blink:    It lets you blink.
 b - a +4 demon trident of flaming (weapon)
Missiles
 d - 11 javelins
 u - 3 atropa-tipped darts
 G - 3 throwing nets
 Z - 7 boomerangs (quivered)
Armour
 p - a +2 pair of boots (worn)
 D - the +7 Kryia's mail coat {PotionHeal*2 rC+}
   (You found it on level 5 of the Dungeon)

   PotionHeal*2: Potions heal its wearer twice as much.
   rC+:       It protects you from cold.
 H - a +0 kite shield
 Q - a +2 pair of gloves (worn)
 S - a +2 buckler of cold resistance (worn)
 Y - the +5 plate armour of Fortitude (worn) {Int+3 Dex+4}
   (You found it in a Gauntlet)

   Int+3:     It affects your intelligence (+3).
   Dex+4:     It affects your dexterity (+4).
Jewellery
 q - the ring "Suvism" (left hand) {rN+ AC+4 Str+4 Int+3}
   (You found it on level 2 of the Dungeon)

   [ring of protection]

   AC+4:      It affects your AC (+4).
   Str+4:     It affects your strength (+4).
   Int+3:     It affects your intelligence (+3).
   rN+:       It protects you from negative energy.
 y - a ring of protection from fire
 A - a ring of flight
 F - an amulet of reflection (around neck)
 M - the ring of Ogoowur (right hand) {rElec MP+9 Int+6}
   (You found it on level 1 of the Lair of Beasts)

   [ring of intelligence]

   Int+6:     It affects your intelligence (+6).
   rElec:     It insulates you from electricity.
   MP+9:      It affects your magic capacity (+9).
 P - a ring of protection from cold
Wands
 o - a wand of mindburst (11)
 w - a wand of warping (42)
 B - a wand of polymorph (6)
 C - a wand of charming (28)
 T - a wand of quicksilver (5)
Scrolls
 e - 4 scrolls of enchant armour
 f - 2 scrolls of vulnerability
 g - 2 scrolls of fog
 k - 4 scrolls of revelation
 l - 6 scrolls of teleportation
 t - 3 scrolls of noise
 x - a scroll of silence {unknown}
 z - 2 scrolls of poison
 I - a scroll of blinking {unknown}
 U - a scroll of immolation {unknown}
Potions
 h - 5 potions of lignification
 i - 2 potions of mutation
 j - 5 potions of curing
 m - 5 potions of heal wounds
 n - 5 potions of attraction
 r - a potion of magic
 s - 2 potions of resistance
 v - 3 potions of ambrosia
 E - a potion of enlightenment {unknown}
 J - 2 potions of berserk rage
 K - 4 potions of haste
 N - 3 potions of invisibility
 O - 2 potions of might
 X - a potion of cancellation {unknown}
Miscellaneous
 R - a sack of spiders
 V - a lightning rod (4/4)
 W - a phial of floods


   Skills:
 + Level 17.9 Fighting
 - Level 17.7 Polearms
 + Level 16.2 Armour
 + Level 15.5 Dodging
 + Level 11.3 Shields


You had 15 spell levels left.
You didn't know any spells.
Your spell library contained the following spells:

 Spells                   Type           Power      Damage    Failure   Level
 Shock                    Conj/Air       0%         1d3       78%         1
 Summon Small Mammal      Summ           0%         N/A       78%         1
 Ensorcelled Hibernation  Hex/Ice        0%         N/A       89%         2
 Call Canine Familiar     Summ           0%         N/A       98%         3
 Frozen Ramparts          Ice            0%         1d1       98%         3
 Hailstorm                Conj/Ice       0%         3d5       98%         3
 Ozocubu's Armour         Ice            0%         N/A       98%         3
 Passwall                 Erth           0%         N/A       98%         3
 Summon Ice Beast         Ice/Summ       0%         N/A       98%         3
 Swiftness                Air            0%         N/A       98%         3
 Airstrike                Air            0%         2d(0-16)  100%        4
 Summon Blazeheart Golem  Fire/Summ      0%         N/A       100%        4
 Metabolic Englaciation   Hex/Ice        0%         N/A       100%        5
 Permafrost Eruption      Ice/Erth       0%         2x4d2     100%        6
 Sculpt Simulacrum        Ice/Alch       0%         N/A       100%        6


Dungeon Overview and Level Annotations

Branches:
Dungeon (14/15)            Temple (1/1) D:7            Lair (5/5) D:11
  Swamp (0/4) Lair:2       Spider (0/4) Lair:2        Slime (0/5) Lair:4
    Orc (0/2) D:12          Sewer (visited)           IceCv (visited)
Gauntlet (visited)
 Vaults: D:13-14

Altars:
Ashenzari
Cheibriados
Dithmenos
Elyvilon
Fedhas
Gozag
Hepliaklqana
Kikubaaqudgha
Makhleb
Nemelex Xobeh
Okawaru
Qazlal
Ru
Sif Muna
Trog
Uskayaw
Vehumet
Wu Jian
Xom
Yredelemnul
Zin
The Shining One
Jiyva

Shops:
D:2 [   D:10 !

Annotations:
D:8 5 runed translucent doors
D:12 2 transporters, Ymnoy's ghost, journeyman MiFi
Lair:4 3 runed translucent doors, Iviqoer's ghost, journeyman DECj


Innate Abilities, Weirdness & Mutations

You have a pair of horns on your head.
You reflexively headbutt those who attack you in melee.
[You are very frail. (-20% HP)]
[You are vulnerable to heat. (rF-)]
[You sometimes lose the ability to read scrolls when taking damage.]


Message History

The starcursed mass touches you but does no damage.
The Hell Sentinel hits you but does no damage.
The Hell Sentinel hits you!
* * * LOW HITPOINT WARNING * * *
You feel ill.
You puncture the Hell Sentinel!
You headbutt the Hell Sentinel, but do no damage.
The Hell Sentinel is almost dead.
You are no longer berserk.
You are exhausted.
You feel yourself slow down. The thrashing horror barely misses you.
You block the thrashing horror's attack.
A starcursed mass splits.
As you read the scroll of teleportation, it crumbles to dust.
You feel strangely unstable.
You feel the power of the Abyss delaying your translocation!
A deafening chorus of shrieks assaults your mind!
* * * LOW HITPOINT WARNING * * *
You block the starcursed mass's attack.
You block the thrashing horror's attack.
The thrashing horror misses you. The Hell Sentinel hits you.
* * * LOW HITPOINT WARNING * * *
The Hell Sentinel barely misses you. The starcursed mass closely misses you.
You feel ill.
The starcursed mass completely misses you.
The starcursed mass touches you.
* * * LOW HITPOINT WARNING * * *
The starcursed mass touches you but does no damage. x2
The Hell Sentinel gestures at you. The iron shot hits you.
* * * LOW HITPOINT WARNING * * *
The starcursed mass touches you but does no damage.
As you read the scroll of fear, it crumbles to dust.
You assume a fearsome visage.
The starcursed mass is unaffected. x2
The thrashing horror is unaffected.
The starcursed mass is unaffected.
The large abomination is unaffected.
The ancient zyme is unaffected.
The Hell Sentinel is unaffected.
The starcursed mass is unaffected.
The sun demon looks frightened!
The starcursed mass is unaffected.
You block the starcursed mass's attack. x2; The starcursed mass touches you.
You die...

....... .~
..... .~~~
.....
#≈~.###...##
.~~..#.....###
~~........3..##
~.....XX.....#
.....xX@X....#
....#.1XX.#..#
. ##.X.##
...#.....## .
..........#
............#
............#
.....#.....##
#...## . .#


You could see 5 starcursed masses, a Hell Sentinel, a sun demon (fleeing), an
ancient zyme, a thrashing horror and a large abomination.

Vanquished Creatures
  Jorgrun (D:13)
  Nessos (D:12)
  A minotaur (Gauntlet)
  6 slime creatures
  6 hydras
  A vault guard (D:14)
  Erolcha (D:9)
  3 catoblepae
  2 ironbound frosthearts (IceCv)
  3 centaur warriors (D:13)
  4 boulder beetles
  3 two-headed ogres
  Erica (D:9)
  A tengu warrior (D:13)
  A deep troll shaman (Lair:5)
  A thrashing horror (Abyss:3)
  15 death yaks
  A skyshark (Lair:2)
  Amaemon (D:9)
  2 wretched stars (Abyss:3)
  A fire crab (Gauntlet)
  Lodul (D:11)
  4 lindwurms
  Pikel (D:5)
  A bog body (Lair:2)
  An orc knight (D:13)
  An orc sorcerer (D:14)
  2 cyclopes
  An oklob plant (Lair:5)
  6 ugly things
  2 manticores
  An ice statue (IceCv)
  7 black mambas
  A large abomination (Abyss:3)
  29 elephants
  Joseph (D:10)
  2 smoke demons (Abyss:3)
  An eye of devastation (Lair:4)
  A torpor snail (Lair:5)
  4 gargoyles
  Jeremiah (D:9)
  10 cane toads
  2 rime drakes
  The ghost of poml the Caller, a novice DsSu (D:9)
  An orange demon (D:10)
  Maggie (D:10)
  A yaktaur (D:14)
  6 komodo dragons
  Psyche (D:9)
  2 tengu conjurers
  A freezing wraith (Abyss:3)
  An ancient zyme (Abyss:3)
  16 polar bears
  5 trolls
  12 dream sheep (Lair:5)
  A glass eye (Lair:4)
  A vampire (D:9)
  5 fire bats (Gauntlet)
  A wraith (D:13)
  4 redbacks (Lair:2)
  5 wyverns
  57 yaks
  3 basilisks
  3 vampire mosquitoes (D:12)
  Edmund (D:5)
  2 acid dragons
  Duvessa (D:5)
  18 water moccasins
  2 ice beasts
  Pargi (Sewer)
  2 hell hounds (Gauntlet)
  6 black bears
  11 orc warriors
  4 laughing skulls
  30 wolves
  9 ogres
  7 centaurs
  5 kobold brigands
  2 lemures (D:5)
  2 phantoms
  10 bullfrogs
  2 brain worms (Sewer)
  3 gnoll sergeants
  3 scorpions
  A cane toad simulacrum (Lair:4)
  Dowan (D:5)
  An elephant simulacrum (Lair:4)
  4 killer bees (D:8)
  A howler monkey (D:10)
  4 electric eels
  6 jellies
  6 orc priests
  14 starcursed masses (Abyss:3)
  A hound (D:4)
  An iron imp (D:8)
  A sleepcap (D:6)
  3 iguanas (Lair:1)
  7 orc wizards
  2 polar bear simulacra (Lair:4)
  A wolf simulacrum (Lair:4)
  12 adders
  11 gnolls
  A river rat (D:6)
  3 white imps
  2 ribbon worms
  3 dart slugs
  49 orcs
  A bat (D:2)
  5 endoplasms
  10 giant cockroaches
  8 hobgoblins
  5 jackals
  43 kobolds
  4 quokkas
  4 ball pythons
  3 frilled lizards
  2 giant cockroach zombies (D:2)
  6 goblins
  3 rats
  A butterfly (Lair:3)
615 creatures vanquished.

Notes
Turn   | Place    | Note
-------+----------+-------------------------------------------
     0 | D:1      | Toastz the Minotaur Fighter began the quest for the Orb.
     0 | D:1      | Reached XP level 1. HP: 19/19 MP: 0/0
   498 | D:1      | Found a faded altar of an unknown god.
   514 | D:1      | Reached XP level 2. HP: 27/27 MP: 1/1
  1035 | D:2      | Found a snail-covered altar of Cheibriados.
  1122 | D:2      | Found Qauteu Roum's Antique Armour Shoppe.
  1223 | D:2      | Reached XP level 3. HP: 31/33 MP: 2/2
  1359 | D:2      | Reached skill level 1 in Dodging
  1572 | D:2      | Identified the ring "Suvism" {rN+ AC+4 Str+4 Int+3}
  1880 | D:2      | Reached XP level 4. HP: 40/40 MP: 3/3
  2147 | D:3      | Found an ancient bone altar of Kikubaaqudgha.
  2922 | D:4      | Found a blossoming altar of Fedhas.
  2955 | D:4      | You fall into a shaft and drop 2 floors!
  3184 | D:6      | Reached XP level 5. HP: 47/47 MP: 4/4
  3241 | D:6      | Found a glowing drain.
  3343 | Sewer    | Entered a sewer
  3343 | Sewer    | Noticed Pargi
  3349 | Sewer    | Killed Pargi
  3356 | Sewer    | Reached skill level 5 in Polearms
  3356 | Sewer    | Reached XP level 6. HP: 47/53 MP: 3/5
  3652 | D:6      | Found a bloodstained altar of Trog.
  3658 | D:6      | Became a worshipper of Trog the Wrathful
  3695 | D:6      | Noticed an orc warrior
  3704 | D:6      | Killed an orc warrior
  3705 | D:6      | Reached skill level 5 in Fighting
  3705 | D:6      | Reached skill level 5 in Armour
  3705 | D:6      | Reached skill level 5 in Shields
  3750 | D:6      | Reached XP level 7. HP: 54/61 MP: 6/6
  3798 | D:5      | Entered Level 5 of the Dungeon
  4197 | D:5      | Noticed Edmund
  4218 | D:5      | Killed Edmund
  4403 | D:5      | Noticed Pikel
  4445 | D:5      | Killed Pikel
  4446 | D:5      | Reached XP level 8. HP: 62/71 MP: 7/7
  4508 | D:4      | Reached * piety under Trog
  5076 | D:4      | Reached skill level 5 in Dodging
  5177 | D:5      | Found the +7 Kryia's mail coat {PotionHeal*2 rC+}
  5262 | D:5      | Noticed Dowan
  5262 | D:5      | Noticed Duvessa
  5272 | D:5      | Killed Duvessa
  5278 | D:5      | Killed Dowan
  5279 | D:5      | Reached XP level 9. HP: 62/79 MP: 8/8
  5687 | D:6      | Identified a scroll of acquirement
  5689 | D:6      | Acquired the +7 glaive of Mosefym {flame, +Blink rF+ MP-9
                  | Dex+3}
  6134 | D:7      | Found an iron altar of Okawaru.
  6144 | D:7      | Found a staircase to the Ecumenical Temple.
  6153 | D:7      | Reached ** piety under Trog
  6171 | Temple   | Entered the Ecumenical Temple
  6338 | D:7      | Reached skill level 10 in Polearms
  6368 | D:7      | Identified the +1 hand axe of Sump {freeze, rC- Str+3
                  | Int+6}
  6803 | D:8      | Found a basalt altar of Yredelemnul.
  6867 | D:8      | Found a runed translucent door.
  6870 | D:8      | Found a runed translucent gate.
  6877 | D:8      | Found a runed translucent door.
  6939 | D:8      | Found a white marble altar of Elyvilon.
  7061 | D:8      | Found a shimmering altar of Xom.
  7091 | D:8      | Reached *** piety under Trog
  7217 | D:8      | Found a runed translucent gate.
  7217 | D:8      | Found a runed translucent gate.
  7343 | D:8      | Found a broken altar of Ashenzari.
  7485 | D:8      | Found a burning altar of Makhleb.
  7576 | D:9      | Noticed Psyche
  7578 | D:9      | Found a shadowy altar of Dithmenos.
  7585 | D:9      | Killed Psyche
  7586 | D:9      | Reached XP level 10. HP: 78/90 MP: 0/9
  7689 | D:9      | Noticed Erolcha
  7696 | D:9      | Killed Erolcha
  7744 | D:9      | Noticed a two-headed ogre
  7748 | D:9      | Killed a two-headed ogre
  7951 | D:9      | Noticed Erica
  7960 | D:9      | Killed Erica
  7989 | D:9      | Found a radiant altar of Vehumet.
  8231 | D:9      | Found a runed translucent gate.
  8233 | D:9      | Found a runed translucent gate.
  8233 | D:9      | Noticed poml's ghost (novice DsSu)
  8236 | D:9      | Found a runed translucent gate.
  8236 | D:9      | Noticed a ten-headed hydra
  8253 | D:9      | Killed an eight-headed hydra
  8256 | D:9      | Killed poml's ghost
  8257 | D:9      | Reached XP level 11. HP: 64/99 MP: 1/10
  8508 | D:9      | Noticed Jeremiah
  8516 | D:9      | Killed Jeremiah
  8631 | D:10     | Entered Level 10 of the Dungeon
  8636 | D:10     | Noticed Amaemon
  8726 | D:9      | Killed Amaemon
  8727 | D:9      | Reached skill level 10 in Fighting
  8727 | D:9      | Reached skill level 10 in Armour
  9087 | D:10     | Noticed Joseph
  9105 | D:10     | Killed Joseph
  9151 | D:10     | Noticed a boulder beetle
  9167 | D:10     | Killed a boulder beetle
  9328 | D:10     | Identified the +8 scale mail of the Crushed Bones {Str+3}
  9369 | D:10     | Found Rawapeme's Distillery.
  9372 | D:10     | Reached **** piety under Trog
  9384 | D:10     | Bought a potion of invisibility for 120 gold pieces
  9384 | D:10     | Bought a potion of berserk rage for 75 gold pieces
  9404 | D:10     | Noticed Maggie
  9411 | D:10     | Killed Maggie
  9628 | D:11     | Noticed Lodul
  9645 | D:11     | Killed Lodul
  9859 | D:11     | Identified the +1 helmet of the Spider Nest {rElec rF++
                  | Will- Dex+3}
  9913 | D:11     | Noticed a two-headed ogre
  9919 | D:11     | Killed a two-headed ogre
 10304 | D:11     | Found a staircase to the Lair.
 10313 | Lair:1   | Entered Level 1 of the Lair of Beasts
 10316 | Lair:1   | Reached XP level 12. HP: 110/110 MP: 2/11
 10334 | Lair:1   | Noticed a death yak
 10336 | Lair:1   | Noticed a death yak
 10336 | Lair:1   | Noticed a death yak
 10337 | Lair:1   | Noticed a death yak
 10337 | Lair:1   | Noticed a death yak
 10353 | Lair:1   | Noticed a death yak
 10354 | Lair:1   | Killed a death yak
 10358 | Lair:1   | Killed a death yak
 10359 | Lair:1   | Reached skill level 15 in Polearms
 10362 | Lair:1   | Killed a death yak
 10365 | Lair:1   | Killed a death yak
 10371 | Lair:1   | Killed a death yak
 10374 | Lair:1   | Killed a death yak
 10385 | Lair:1   | Reached skill level 10 in Dodging
 10561 | Lair:1   | Found a gate leading to a gauntlet.
 10625 | Gauntlet | Entered a Gauntlet
 10625 | Gauntlet | Noticed a catoblepas
 10625 | Gauntlet | Found a transporter.
 10625 | Gauntlet | Found a transporter.
 10627 | Gauntlet | Noticed a death scarab
 10696 | Gauntlet | Found a transporter.
 10714 | Gauntlet | Found a transporter.
 10714 | Gauntlet | Found a transporter.
 10714 | Gauntlet | Found a transporter.
 10717 | Gauntlet | Found a transporter.
 10717 | Gauntlet | Found a transporter.
 10729 | Gauntlet | Found a transporter.
 10747 | Gauntlet | Found a transporter.
 10748 | Gauntlet | Noticed a hell hog
 10755 | Gauntlet | Found a runed translucent door.
 10757 | Gauntlet | Found a transporter.
 10759 | Gauntlet | Found a runed translucent door.
 10772 | Gauntlet | Found a transporter.
 10792 | Gauntlet | Found a transporter.
 10807 | Gauntlet | Found a transporter.
 11129 | Gauntlet | Noticed a minotaur
 11135 | Gauntlet | Killed a minotaur
 11176 | Gauntlet | Identified the +5 plate armour of Fortitude {Int+3 Dex+4}
 11406 | Lair:1   | Noticed a catoblepas
 11424 | Lair:1   | Killed a catoblepas
 11715 | Lair:1   | Identified the ring of Ogoowur {rElec MP+9 Int+6}
 11934 | Lair:2   | Reached ***** piety under Trog
 11945 | Lair:2   | Reached XP level 13. HP: 108/119 MP: 12/12
 12400 | Lair:2   | Found a hole to the Spider Nest.
 12875 | Lair:2   | Found a staircase to the Swamp.
 13938 | Lair:3   | Found the +8 whip "Snakebite" {venom, curare, rPois}
 14287 | Lair:4   | Found a frozen archway.
 14356 | IceCv    | Entered an ice cave
 14377 | IceCv    | Received a gift from Trog
 14893 | IceCv    | Reached XP level 14. HP: 101/130 MP: 13/13
 15294 | Lair:4   | Found a viscous altar of Jiyva.
 15295 | Lair:4   | Found a staircase to the Slime Pits.
 15568 | Lair:4   | Found a runed translucent gate.
 15569 | Lair:4   | Noticed an acid blob
 15570 | Lair:4   | Found a runed translucent gate.
 15570 | Lair:4   | Found a runed translucent gate.
 15570 | Lair:4   | Noticed an acid blob
 15570 | Lair:4   | Noticed an azure jelly
 15571 | Lair:4   | Noticed Iviqoer's ghost (journeyman DECj)
 15571 | Lair:4   | Noticed an acid blob
 15571 | Lair:4   | Noticed an acid blob
 15572 | Lair:4   | Noticed an azure jelly
 15573 | Lair:4   | Noticed an acid blob
 15573 | Lair:4   | Noticed an azure jelly
 15574 | Lair:4   | Noticed an acid blob
 15574 | Lair:4   | Noticed a quicksilver ooze
 15881 | Lair:4   | Noticed an acid blob
 15882 | Lair:4   | Found a viscous altar of Jiyva.
 15901 | Lair:5   | Entered Level 5 of the Lair of Beasts
 16007 | Lair:5   | Reached ****** piety under Trog
 16192 | Lair:5   | Received a gift from Trog
 16432 | Lair:5   | Acquired a manual of Fighting
 16743 | Lair:5   | Reached skill level 15 in Fighting
 17040 | Lair:5   | Reached skill level 15 in Armour
 17380 | Lair:5   | Identified the +1 ring mail of Bokhucec {rCorr Str+5}
 17572 | D:11     | Reached XP level 15. HP: 120/143 MP: 14/14
 17631 | D:11     | Acquired a manual of Dodging
 17796 | D:12     | Received a gift from Trog
 17828 | D:12     | Found a transporter.
 17831 | D:12     | Noticed Ymnoy's ghost (journeyman MiFi)
 17847 | D:12     | Found a staircase to the Orcish Mines.
 18015 | D:12     | Noticed Nessos
 18026 | D:12     | Killed Nessos
 18057 | D:12     | Found a transporter.
 18274 | D:13     | Noticed Jorgrun
 18287 | D:13     | Killed Jorgrun
 18394 | D:13     | Reached skill level 10 in Shields
 19438 | D:14     | Found a snail-covered altar of Cheibriados.
 19976 | D:14     | Reached skill level 15 in Dodging
 19976 | D:14     | Reached XP level 16. HP: 155/155 MP: 15/15
 20004 | D:14     | Identified the +10 bardiche of Oruck {flame, rElec rPois
                  | rN+ Stlth+} (Trog gifted it to you on level 14 of the
                  | Dungeon)
 20004 | D:14     | Received a gift from Trog
 20062 | Abyss:3  | Cast into level 3 of the Abyss (vault guard)
 20070 | Abyss:3  | Found a corrupted altar of Lugonu.
 20151 | Abyss:3  | Found a corrupted altar of Lugonu.
 20184 | Abyss:3  | Paralysed by accursed screaming for 2 turns
 20188 | Abyss:3  | Paralysed by accursed screaming for 1 turns
 20245 | Abyss:3  | Noticed a Hell Sentinel
 20252 | Abyss:3  | Paralysed by accursed screaming for 1 turns
 20268 | Abyss:3  | HP: 6/125 [starcursed mass (5)]
 20268 | Abyss:3  | HP: 1/125 [Hell Sentinel/iron shot (5)]
 20269 | Abyss:3  | Slain by a starcursed mass

Illustrated notes

Levels and vault maps discovered:
D:1:      elethiomel_arrival_infinity_welcomes_careful_drivers, layout_rooms,
          ebering_ecumenical_altar_mist, serial_co_window_serial,
          co_window_of_opportunity_a, co_window_paths_a, co_window_paths_b,
          co_window_paths_a, co_window_corner_a, co_window_corner_a,
          co_window_of_opportunity_c, co_window_corner_cb,
          co_window_of_opportunity_c, co_window_corner_cb, co_window_2corner,
          co_window_paths_e, co_window_4corner_b, glass_columns_c,
          glass_columns_b, glass_columns_b, glass_columns_b, glass_columns_a,
          st_stairs_4
D:2:      cheibrodos_helix_gallery, layout_basic, basic_altar, serial_undead,
          serial_undead_f, serial_undead_b, serial_undead_c, serial_undead_d,
          serial_shops, nicolae_shop_pleasant_corner_grove, minmay_distorted
D:3:      layout_basic, nicolae_kikubaaqudgha_miasma_corner,
          nicolae_eternal_life, minmay_tree_intersection
D:4:      layout_cave_pools, fedhas_altar_2, minivault_24,
          kennysheep_generic_room_7
D:5:      layout_loops_ring, uniq_duvessa, uniq_edmund, uniq_pikel
D:6:      layout_loops_ring, mainiacjoe_overflow_cross_hatched,
          gup_sewer_entry_spiral
D:7:      layout_cave_pools, old_standard_altar, minmay_temple_entry_mist
D:8:      layout_basic, kennysheep_ying_yang, ashenzari_conservatory_becter,
          xom_teletrap_fun, demons_altar, minivault_22,
          minmay_guarded_unrand_staff_of_olgreb
D:9:      layout_roguey, nicolae_dithmenos_shadow_blocks, vehumet_crystals,
          gammafunk_ghost_hydra_chop, nicolae_nh_ransacked_shop, uniq_jeremiah,
          uniq_erica, uniq_psyche, uniq_erolcha
D:10:     layout_irregular_city, serial_shops, nicolae_shop_peninsula,
          uniq_amaemon, uniq_joseph, uniq_maggie
D:11:     layout_irregular_city, grunt_lair_entry_orc_guard_hut, uniq_lodul
D:12:     cheibrodos_statue_roulette, layout_rooms, david_orc_3,
          gammafunk_ghost_stat_death, grunt_ogre_cave, uniq_nessos
D:13:     layout_layer_cave, uniq_jorgrun
D:14:     layout_loops_ring, grunt_vaults_entry_fortified, cheibriados_altar_2
Temple:   nicolae_temple_ecumenical_triangle
Lair:1:   layout_chaotic_city, nicolae_volcano_entry_vermiform,
          gauntlet_entry_generic, ldierk_geyser, beast_lair_carwin_2,
          serial_bayou_shore_b
Lair:2:   layout_chaotic_city, nicolae_swamp_entry_splash_gauntlet,
          spider_nest_entry_webs, chequers_serial_rivers_large_b
Lair:3:   minmay_guarded_unrand_snakebite, layout_layer_cave,
          lemuel_fruit_fields
Lair:4:   layout_regular_city, minmay_slime_entry_eyes, gammafunk_ghost_ooze,
          portal_ice_cave_entry_ice_simulacra, serial_bayou_lagoon_a,
          grunt_megastairs_2
Lair:5:   grunt_lair_end_beastmaster, layout_misc_corridors,
          chequers_serial_rivers_micro_c, grunt_megastairs_4,
          infiniplex_staircase_pool, serial_bayou_shore_a
Abyss:3:  base: D:12, evilmike_abyss_exit_9, serial_sigils_hangedman_shear,
          gammafunk_abyss_exit_x_factor, gammafunk_abyss_exit_x_factor,
          hangedman_abyss_batty_box

Skill      XL: |  1  2  3  4  5  6  7  8  9 10 11 12 13 14 15 |
---------------+----------------------------------------------+-----
Polearms       | 3 4 5 7 9 11 12 14 16 17 | 17.7
Fighting       | 4 5 6 7 8 9 11 12 13 15 17 | 17.9
Armour         | 4 5 6 7 8 9 11 12 13 15 16 | 16.2
Dodging        | 1 2 3 4 5 6 8 9 10 12 13 15 | 15.5
Shields        | 4 5 6 9 11 | 11.3

Action                     |  1- 3 |  4- 6 |  7- 9 | 10-12 | 13-15 | 16-18 || total
---------------------------+-------+-------+-------+-------+-------+-------++-------
  Melee: Trident           |   120 |   144 |   199 |       |       |       ||   463
         Headbutt          |    13 |    15 |    32 |    59 |   222 |    23 ||   364
         Glaive            |       |       |   119 |   353 |   185 |       ||   657
         Demon trident     |       |       |       |       |   687 |    92 ||   779
  Throw: Boomerang         |       |       |       |       |     5 |       ||     5
 Invoke: Trog's Hand       |       |       |     1 |     2 |       |     2 ||     5
         Berserk           |       |       |       |     6 |     2 |     1 ||     9
    Use: Potion            |       |     1 |       |       |     1 |       ||     2
         Scroll            |       |     3 |     4 |     8 |    16 |     2 ||    33
   Stab: Distracted        |     1 |       |       |       |     2 |       ||     3
         Petrified         |       |       |       |       |     5 |       ||     5
         Petrifying        |       |       |       |       |     1 |       ||     1
 Armour: Scale mail        |    44 |    78 |   192 |   237 |    54 |       ||   605
         Plate armour      |       |       |       |    44 |   309 |    51 ||   404
         Skin              |       |       |       |       |     1 |       ||     1
  Dodge: Dodged            |    37 |    39 |   129 |   207 |   251 |    40 ||   703
  Block: Buckler           |    11 |    13 |    39 |       |   254 |    56 ||   373
         Other             |       |       |     5 |    75 |    25 |       ||   105
         Reflection        |       |       |     2 |     2 |    34 |    13 ||    51

Table legend: (Time is in decaauts)
 A = Elapsed time spent in this place.
 B = Non-inter-level travel time spent in this place.
 C = Inter-level travel time spent in this place.
 D = Time resting spent in this place.
 E = Time spent auto-exploring this place.
 F = Levels seen in this place.
 G = Mean time per level.
                   A        B        C        D        E       F      G
               +--------+--------+--------+--------+--------+-----+--------+
         Total |  20218 |  19436 |    782 |   1608 |  13967 |  24 |  842.4 |
       Dungeon |  12753 |  12220 |    533 |    922 |   9075 |  14 |  910.9 |
        Temple |      1 |      1 |      0 |      0 |      0 |   1 |    1.0 |
          Lair |   5709 |   5460 |    249 |    332 |   4088 |   5 | 1141.8 |
         Abyss |    176 |    176 |      0 |      0 |      0 |   1 |  176.0 |
         Sewer |    222 |    222 |      0 |     43 |    110 |   1 |  222.0 |
      Ice Cave |    789 |    789 |      0 |    123 |    482 |   1 |  789.0 |
      Gauntlet |    565 |    565 |      0 |    187 |    210 |   1 |  565.0 |
               +--------+--------+--------+--------+--------+-----+--------+

Top non-repeatable levels by time:
  Lair:5: 1444 daAuts
     D:9: 1222 daAuts
     D:6: 1191 daAuts
  Lair:2: 1159 daAuts
  Lair:3: 1141 daAuts
    D:13: 1123 daAuts
  Lair:1: 1109 daAuts
     D:5: 1069 daAuts
     D:1: 1014 daAuts
     D:2: 984 daAuts
    D:11: 936 daAuts
     D:3: 933 daAuts
     D:8: 900 daAuts
  Lair:4: 854 daAuts
    D:10: 828 daAuts
